 Dungeon Crawl Stone Soup version 0.32-a0-141-g04fe69798e (webtiles) character file.

Game seed: 9532496442259911766

2809 kczpa the Covered (level 9, -1/81 HPs)
             Began as a Minotaur Fighter on Feb 11, 2024.
             Was a Believer of Okawaru.
             Slain by a fire elemental (5 damage)
             ... summoned by a deep elf pyromancer
             ... on level 7 of the Dungeon.
             The game lasted 00:09:11 (5446 turns).

kczpa the Covered (Minotaur Fighter)                Turns: 5446, Time: 00:09:12

Health: -1/81      AC: 19    Str: 21 (24) XL:     9   Next: 44%
Magic:  6/8        EV: 12    Int:  3 (5)  God:    Okawaru [**....]
Gold:   286        SH:  7    Dex: 10 (11) Spells: 8/8 levels left

rFire   . . .        a - +0 war axe
rCold   . . .        c - +0 buckler
rNeg    . . .        i - +0 chain mail
rPois   .            (helmet restricted)
rElec   .            d - scarf {repulsion}
rCorr   .            q - +1 pair of gloves
SInv    .            (no boots)
Will    .....        (no amulet) Stlth
                     e - +4 ring of protection
HPRegen 0.33/turn    (no ring)
MPRegen 0.11/turn

%: repel missiles
@: brilliant, on fire, heroic, glowing
A: horns 2, retaliatory headbutt
a: Renounce Religion, Heroism


You were on level 7 of the Dungeon.
You worshipped Okawaru.
Okawaru was pleased with you.
You visited 2 branches of the dungeon, and saw 8 of its levels.

You collected 286 gold pieces.

Inventory:

Hand Weapons
 a - a +0 war axe (weapon)
Armour
 c - a +0 buckler (worn)
 d - a scarf of repulsion (worn)
 g - an orb of light
 i - a +0 chain mail (worn)
 q - a +1 pair of gloves (worn)
Jewellery
 e - a +4 ring of protection (left hand)
Wands
 k - a wand of flame (36)
Scrolls
 l - 3 scrolls of teleportation
Potions
 b - a potion of attraction
 f - 3 potions of curing
 j - 2 potions of magic
 m - a potion of enlightenment


   Skills:
 + Level 7.9(12.9) Fighting
 + Level 7.4(12.4) Axes
 + Level 7.9(12.9) Armour
 + Level 6.2(11.2) Dodging
 + Level 7.8(12.8) Shields


You had 8 spell levels left.
You didn't know any spells.
Your spell library contained the following spells:

 Spells                   Type           Power      Damage    Failure   Level
 Foxfire                  Conj/Fire      0%         2x1d4     97%         1
 Jinxbite                 Hex            0%         N/A       99%         2
 Lesser Beckoning         Tloc           0%         N/A       99%         2
 Mercury Vapours          Alch/Air       0%         N/A       99%         2
 Dazzling Flash           Conj/Hex       0%         N/A       100%        3
 Gell's Gravitas          Tloc           0%         N/A       100%        3
 Inner Flame              Hex/Fire       0%         N/A       100%        3
 Mephitic Cloud           Conj/Alch/Air  0%         N/A       100%        3
 Teleport Other           Tloc           0%         N/A       100%        3
 Curse of Agony           Necr           0%         N/A       100%        5
 Freezing Cloud           Conj/Ice/Air   0%         6-21      100%        5
 Irradiate                Conj/Alch      0%         3d11      100%        5
 Silence                  Hex/Air        0%         N/A       100%        5
 Yara's Violent Unravell  Hex/Alch       0%         3d3       100%        5
 Plasma Beam              Fire/Air       0%         2x1d10    100%        6
 Starburst                Conj/Fire      0%         6d3       100%        6
 Enfeeble                 Hex            0%         N/A       100%        7
 Ignition                 Fire           0%         3d3       100%        8
 Malign Gateway           Summ/Tloc      Unusable   N/A       N/A         7
 Summon Horrible Things   Summ           Unusable   N/A       N/A         8

Dungeon Overview and Level Annotations

Branches:
Dungeon (7/15)             Temple (1/1) D:5

Altars:
Cheibriados
Dithmenos
Elyvilon
Fedhas
Gozag
Hepliaklqana
Kikubaaqudgha
Makhleb
Okawaru
Qazlal
Ru
Uskayaw
Vehumet
Wu Jian
Xom
Yredelemnul
Zin

Shops:
D:2 :=[[


Innate Abilities, Weirdness & Mutations

You have a pair of horns on your head.
You reflexively headbutt those who attack you in melee.


Message History

You closely miss the deep elf pyromancer.
The deep elf pyromancer is moderately wounded.
The liquid fire burns you!
The deep elf pyromancer hits you with a +0 short sword.
You closely miss the deep elf pyromancer.
Your headbutt misses the deep elf pyromancer.
The deep elf pyromancer is moderately wounded.
The liquid fire burns you!
The deep elf pyromancer hits you but does no damage. x2
You hit the deep elf pyromancer but do no damage.
Your headbutt misses the deep elf pyromancer.
The deep elf pyromancer is moderately wounded.
The liquid fire burns you!
The deep elf pyromancer gestures at you while chanting.
The pyre arrow is repelled.
You hit the deep elf pyromancer but do no damage.
You headbutt the deep elf pyromancer.
The deep elf pyromancer is moderately wounded.
The liquid fire burns you!
* * * LOW HITPOINT WARNING * * *
The deep elf pyromancer mumbles some strange words.
You hit the deep elf pyromancer but do no damage.
The deep elf pyromancer is moderately wounded.
The liquid fire burns you!
* * * LOW HITPOINT WARNING * * *
The deep elf pyromancer hits you but does no damage.
Unknown command.
You feel much better. The liquid fire burns you!
* * * LOW HITPOINT WARNING * * *
You block the fire elemental's attack.
The deep elf pyromancer hits you but does no damage.
Unknown command.
Okay, then.
You gain the combat prowess of a mighty hero.
The liquid fire burns you!
* * * LOW HITPOINT WARNING * * *
You block the fire elemental's attack. The fire elemental hits you.
The fire elemental burns you!
You die...

## ##### ##.. .. #. +?..+ .#..
.## #..+○..+..#.##..
#..+P°!+..#....> .. .
#..#EeE#..#.#.##.#. #. #
..#..#.@.#..#...##.#.##. #.
#.#..#...#..#...##....#.
#.##.#..#...#..#....##...#.
....#..#.>.#.[#.##.###....
#..#..#...#..#.##...##..÷
#..#..ß...ß..#.####.##...
#..............# #.#....
#..<.....##########....#.
########........#######......##.


You could see a deep elf pyromancer and 2 fire elementals.

Vanquished Creatures
  The ghost of Lamaleuchte the Grappler, a novice TrDe of Wu Jian (D:6)
  Pikel (D:6)
  2 steam dragons (D:6)
  A sky beast (D:6)
  A centaur (D:5)
  2 phantoms
  2 kobold brigands
  A bullfrog (D:7)
  4 scorpions
  3 wights (D:7)
  A bombardier beetle (D:4)
  9 hounds
  3 orc priests
  A jelly (D:7)
  3 orc wizards
  6 adders
  2 ufetubi (D:5)
  3 ribbon worms
  3 dart slugs
  18 orcs
  7 endoplasms
  3 giant cockroaches
  9 hobgoblins
  8 jackals
  5 quokkas
  4 ball pythons
  4 bats
  3 frilled lizards
  7 goblins
  15 kobolds
  5 rats
137 creatures vanquished.

Notes
Turn   | Place    | Note
-------+----------+-------------------------------------------
     0 | D:1      | kczpa the Minotaur Fighter began the quest for the Orb.
     0 | D:1      | Reached XP level 1. HP: 19/19 MP: 0/0
   135 | D:1      | Reached XP level 2. HP: 22/27 MP: 1/1
   469 | D:1      | Reached skill level 1 in Dodging
   819 | D:2      | Found Dafa's Armour Shoppe.
   826 | D:2      | Reached XP level 3. HP: 32/33 MP: 2/2
   846 | D:2      | Found Nisij's Armour Shoppe.
   908 | D:2      | Found Syewuir's Jewellery Shop.
   933 | D:2      | Found Laeciacu's Book Shop.
  1466 | D:3      | Reached XP level 4. HP: 40/40 MP: 3/3
  1584 | D:3      | Found a radiant altar of Vehumet.
  2106 | D:4      | Found a shadowy altar of Dithmenos.
  2140 | D:4      | Noticed a phantom
  2158 | D:4      | Killed a phantom
  2159 | D:4      | Reached XP level 5. HP: 39/47 MP: 4/4
  2204 | D:4      | Found a white marble altar of Elyvilon.
  2350 | D:4      | Found a glowing silver altar of Zin.
  2386 | D:4      | Reached XP level 6. HP: 27/55 MP: 5/5
  2686 | D:4      | Reached skill level 5 in Fighting
  2686 | D:4      | Reached skill level 5 in Armour
  2686 | D:4      | Reached skill level 5 in Shields
  2802 | D:5      | Entered Level 5 of the Dungeon
  2867 | D:5      | Found a snail-covered altar of Cheibriados.
  3007 | D:5      | Reached XP level 7. HP: 58/61 MP: 6/6
  3146 | D:5      | Found an ornate altar of the Wu Jian Council.
  3150 | D:5      | Found an opulent altar of Gozag.
  3156 | D:5      | Found a staircase to the Ecumenical Temple.
  3171 | Temple   | Entered the Ecumenical Temple
  3189 | Temple   | Became a worshipper of Warmaster Okawaru
  3329 | D:5      | Reached skill level 5 in Axes
  3775 | D:6      | Noticed a steam dragon
  3783 | D:6      | Killed a steam dragon
  3783 | D:6      | Reached * piety under Okawaru
  3784 | D:6      | Reached XP level 8. HP: 60/70 MP: 7/7
  3977 | D:6      | Found a runed translucent door.
  4110 | D:6      | Noticed Lamaleuchte's ghost (novice TrDe)
  4378 | D:6      | Reached skill level 5 in Dodging
  4798 | D:6      | Killed Lamaleuchte's ghost
  4798 | D:6      | Reached ** piety under Okawaru
  4799 | D:6      | Reached XP level 9. HP: 32/79 MP: 8/8
  4977 | D:7      | Noticed Pikel
  4995 | D:6      | Killed Pikel
  5432 | D:7      | Noticed a deep elf pyromancer
  5444 | D:7      | HP: 3/81 [burnt (10)]
  5446 | D:7      | Slain by a fire elemental

Illustrated notes

Levels and vault maps discovered:
D:1:      dpeg_arrival_rooms_b, layout_basic
D:2:      layout_basic, serial_shops, nicolae_shop_peninsula,
          nicolae_shop_gaudy_bauble, nicolae_shop_tiny_real_fake_doors, shop
D:3:      layout_loops_cross, nicolae_vehumet_radiance
D:4:      layout_cave_pools, zin_statuary, elyvilon_altar_3,
          mainiacjoe_overflow_alcove_4, kennysheep_small_circle
D:5:      layout_basic, mainiacjoe_overflow_concentric_impassable,
          mainiacjoe_overflow_boulevard, overflow_temple_1_default,
          minmay_temple_entry_slanted
D:6:      cheibrodos_steamvent, layout_layer_cave,
          hellmonk_ghost_happy_afterlife
D:7:      layout_rooms, gammafunk_temple_overflow_wave,
          guppyfry_early_elven_hall, uniq_pikel
Temple:   chequers_temple_sunken

Skill      XL: |  1  2  3  4  5  6  7  8  9 |
---------------+----------------------------+-----
Dodging        | 1 2 3 4 5 6 |  6.2
Shields        | 4 5 6 7 |  7.8
Fighting       | 4 5 6 7 |  7.9
Armour         | 4 5 6 7 |  7.9
Axes           | 3 4 5 6 7 |  7.4

Action                     |  1- 3 |  4- 6 |  7- 9 || total
---------------------------+-------+-------+-------++-------
  Melee: War axe           |    91 |   110 |   172 ||   373
         Headbutt          |    13 |    18 |    29 ||    60
 Invoke: Heroism           |       |       |     1 ||     1
    Use: Scroll            |     5 |     7 |     5 ||    17
         Potion            |       |     1 |     8 ||     9
 Armour: Scale mail        |    38 |       |       ||    38
         Chain mail        |    36 |    85 |   176 ||   297
  Dodge: Dodged            |    34 |    52 |    75 ||   161
         Repelled          |       |       |     1 ||     1
  Block: Buckler           |    23 |    18 |    53 ||    94

Table legend: (Time is in decaauts)
 A = Elapsed time spent in this place.
 B = Non-inter-level travel time spent in this place.
 C = Inter-level travel time spent in this place.
 D = Time resting spent in this place.
 E = Time spent auto-exploring this place.
 F = Levels seen in this place.
 G = Mean time per level.
                   A        B        C        D        E       F      G
               +--------+--------+--------+--------+--------+-----+--------+
         Total |   5562 |   5407 |    155 |    188 |   4120 |   8 |  695.2 |
       Dungeon |   5524 |   5405 |    119 |    188 |   4120 |   7 |  789.1 |
        Temple |     37 |      1 |     36 |      0 |      0 |   1 |   37.0 |
               +--------+--------+--------+--------+--------+-----+--------+

Top non-repeatable levels by time:
     D:6: 1656 daAuts
     D:1: 838 daAuts
     D:4: 741 daAuts
     D:5: 687 daAuts
     D:2: 658 daAuts
     D:3: 627 daAuts
     D:7: 315 daAuts
  Temple: 37 daAuts
